 Dungeon Crawl Stone Soup version 0.28.0-49-g6dfe1f597d (webtiles) character file.

Game seed: 5612718332535592719

84 Exodus22XD the Poker (level 4, 0/33 HPs)
             Began as a Demonspawn Gladiator on May 15, 2022.
             Slain by Sigmund
             ... wielding a +0 scythe
              (8 damage)
             ... on level 2 of the Dungeon.
             The game lasted 00:01:51 (1923 turns).

Exodus22XD the Poker (Demonspawn Gladiator)         Turns: 1923, Time: 00:01:52

Health: 0/33       AC: 13    Str: 16    XL:     4   Next: 24%
Magic:  4/4        EV:  7    Int:  9    God:
Gold:   37         SH:  0    Dex: 15    Spells: 3/3 levels left

rFire   + . .      SeeInvis .   a - +0 trident
rCold   . . .      Faith    .   (no shield)
rNeg    . . .      Spirit   .   l - +2 chain mail {rF+}
rPois   .          Reflect  .   c - +0 helmet
rElec   .          Harm     .   (no cloak)
rCorr   .          Rampage  .   h - +0 pair of gloves
Will    .....                   (no boots)
Stlth   ..........              (no amulet)
HPRegen 0.11/turn               (no ring)
MPRegen 0.09/turn               (no ring)

@: confused
A: claws 1, sharp scales 1
a: no special abilities


You were on level 2 of the Dungeon.
You visited 1 branch of the dungeon, and saw 2 of its levels.

You collected 37 gold pieces.

Inventory:

Hand Weapons
 a - a +0 trident (weapon)
Missiles
 d - 3 throwing nets (quivered)
Armour
 c - a +0 helmet (worn)
 h - a +0 pair of gloves (worn)
 l - a +2 chain mail of fire resistance (worn)
Scrolls
 b - a scroll of blinking
 i - a scroll of noise
 j - a scroll of immolation {unknown}
 k - a scroll of teleportation {unknown}
Potions
 f - a potion of attraction


   Skills:
 + Level 2.2 Fighting
 + Level 3.9 Polearms
 + Level 2.1 Throwing
 + Level 1.0 Armour
 + Level 3.0 Dodging
 + Level 0.1 Stealth


You had 3 spell levels left.
You didn't know any spells.
Your spell library was empty.

Dungeon Overview and Level Annotations

Branches:
Dungeon (2/15)

Altars:

Annotations:
D:2 Sigmund


Innate Abilities, Weirdness & Mutations

You have sharp fingernails.
You are partially covered in razor-sharp scales. (AC +1, Slay +1)


Message History

i - a scroll of noise Something hits you.
Reach: a) +0 trident
Press: ? - help, Dir - move target, f - you That would be overly suicidal.
Okay, then.
Unknown command.
Reach: a) +0 trident
Press: ? - help, Dir - move target, f - you
Okay, then.
As you read the scroll of identify, it crumbles to dust.
b - a scroll of blinking
As you read the scroll of identify, it crumbles to dust.
f - a potion of attraction Something hits you but does no damage.
Okay, then.
Reach: a) +0 trident
Press: ? - help, Dir - move target You reach to attack!
You hit something but do no damage. Something hits you.
Reach: a) +0 trident
Press: ? - help, Dir - move target You reach to attack!
You closely miss something.
Reach: a) +0 trident
Press: ? - help, Dir - move target You reach to attack!
You barely miss something. Something hits you!
* * * LOW HITPOINT WARNING * * *
A magic dart appears from out of thin air!
The magic dart hits you.
* * * LOW HITPOINT WARNING * * *
A magic dart appears from out of thin air!
The magic dart hits you but does no damage.
Sigmund appears from thin air!
Reactivating autopickup.
Sigmund points at you and mumbles some strange words.
You are confused.
Sigmund points at you and mumbles some strange words.
You resist with some effort.
You bump into the rock wall.
Sigmund hits you from afar with a +0 scythe!
You die...

..........................#......
.#.################.......#.++++'
.#.##.. #.#+#####.+++'' .#.##.#
#......##.+'_'' .#.##.#
#......##.+++'+ .#.##.#
#......##.+++'+ .#.##.#
#.#+#..........
##.##.#############.#.#÷####.#.##
#. #.........@.@..............##
#. ##.....########.#.#.##.###.).
##. #.###.# #.#.#.##....... ...
#.# #.########.#.#.######...
..†###.# #.#.....>..#.#.# #...
..†....# #.#.########.#.# ###'
######## #.#.#......#.#.########.
#.#.##.###.#.#..........
#.#......#......########


You could see Sigmund (strong).

Vanquished Creatures
  Terence (D:2)
  An adder (D:2)
  A howler monkey skeleton (D:2)
  A dart slug (D:1)
  3 ball pythons
  3 endoplasms (D:1)
  A giant cockroach (D:1)
  2 goblins (D:1)
  2 hobgoblins
  3 jackals (D:2)
  4 kobolds
  2 quokkas (D:1)
  7 bats
  3 frilled lizards (D:1)
  4 rats (D:2)
38 creatures vanquished.

Notes
Turn   | Place    | Note
-------+----------+-------------------------------------------
     0 | D:1      | Exodus22XD the Demonspawn Gladiator began the quest for the
                  | Orb.
     0 | D:1      | Reached XP level 1. HP: 16/16 MP: 1/1
   232 | D:1      | Gained mutation: You are partially covered in razor-sharp
                  | scales. (AC +1, Slay +1) [demonic ancestry]
   232 | D:1      | Reached XP level 2. HP: 13/22 MP: 2/2
  1338 | D:2      | Reached XP level 3. HP: 27/27 MP: 3/3
  1584 | D:2      | Noticed Terence
  1597 | D:2      | Killed Terence
  1598 | D:2      | Reached skill level 1 in Armour
  1598 | D:2      | Gained mutation: You have sharp fingernails. [demonic
                  | ancestry]
  1598 | D:2      | Reached XP level 4. HP: 25/33 MP: 4/4
  1756 | D:2      | Found a faded altar of an unknown god.
  1893 | D:2      | Noticed Sigmund
  1923 | D:2      | Slain by Sigmund

Illustrated notes

Levels and vault maps discovered:
D:1:      amcnicky_arrival_blooded_trapdoor, layout_loops_corners,
          serial_rivers, chequers_serial_rivers_room_a,
          chequers_serial_rivers_small_b, chequers_serial_rivers_small_3,
          chequers_serial_rivers_small_3, chequers_serial_rivers_micro_c,
          chequers_serial_rivers_room_a
D:2:      layout_basic, hellmonk_ecumenical_altar_heavens_door, uniq_sigmund,
          uniq_terence

Skill      XL: |  1  2  3 |
---------------+----------+-----
Throwing       | 2 |  2.1
Polearms       | 3 |  3.9
Armour         | 1 |  1.0
Dodging        | 3 |  3.0
Fighting       | |  2.2
Stealth        | |  0.1

Action                   |  1- 3 |  4- 6 || total
-------------------------+-------+-------++-------
Melee: Trident           |    97 |    20 ||   117
       Punch             |       |     1 ||     1
  Use: Scroll            |       |     3 ||     3
Armor: Chain mail        |    37 |     8 ||    45
       Leather armour    |     2 |       ||     2
Dodge: Dodged            |    34 |     4 ||    38
